 Dungeon Crawl Stone Soup version 0.23-a0-395-gcf17ac6c65 (webtiles) character file.

1295 PikkenKukken the Firebug (level 8, 0/58 HPs)
             Began as a Gnoll Fire Elementalist on Nov 1, 2018.
             Killed from afar by a centaur (21 damage)
             ... with a wand of acid (8)
             ... on level 5 of the Dungeon.
             The game lasted 00:16:20 (5530 turns).

PikkenKukken the Firebug (Gnoll Fire Elementalist)  Turns: 5530, Time: 00:16:21

Health: 0/58       AC:  2    Str: 10    XL:     8   Next: 56%
Magic:  15/17      EV: 16    Int: 20    God:
Gold:   291        SH:  0    Dex: 16    Spells: 13/19 levels left

rFire    . . .     SeeInvis .   w - +2 dagger "Luliplitt" {elec, *Noise rPois rC+ rN+++}
rCold    + . .     Gourm    .   (no shield)
rNeg     + + +     Faith    .   a - +0 robe
rPois    +         Spirit   .   (no helmet)
rElec    .         Reflect  .   (no cloak)
rCorr    .         Harm     .   (no gloves)
MR       .....                  (no boots)
Stlth    ++++......             v - amulet of magic regeneration
HPRegen  0.19/turn              h - ring of stealth
MPRegen  0.40/turn              y - ring of poison resistance

@: no status effects
A: distributed training, fangs 1, strong nose
a: no special abilities


You were on level 5 of the Dungeon.
You were hungry.

You visited 1 branch of the dungeon, and saw 5 of its levels.

You collected 291 gold pieces.

Inventory:

Hand Weapons
 s - a +0 spear
 w - the +2 dagger "Luliplitt" (weapon) {elec, *Noise rPois rC+ rN+++}
   (You found it on level 4 of the Dungeon)

   Occasionally, upon striking a foe, it will discharge some electrical energy
   and cause terrible harm.
   It protects you from cold.
   It protects you from poison.
   It renders you almost immune to negative energy.
   It may make noises in combat.
 z - a +1 trident of freezing
Armour
 a - a +0 robe (worn)
Magical Staves
 r - an uncursed staff of power {unknown}
Jewellery
 h - a ring of stealth (left hand)
 v - an amulet of magic regeneration (around neck)
 x - a +5 ring of strength {unknown}
 y - a ring of poison resistance (right hand)
Wands
 u - a wand of flame (6)
Scrolls
 b - 2 scrolls of identify
 i - 3 scrolls of blinking
 m - 2 scrolls of fog
 n - 2 scrolls of teleportation
 A - 2 scrolls of remove curse
Potions
 d - 2 potions of heal wounds
 e - 2 potions of curing
 f - 2 potions of brilliance {unknown}
 g - 2 potions of cancellation {unknown}
 j - a potion of resistance {unknown}
 k - 2 potions of lignification {unknown}
 l - 2 potions of degeneration {unknown}
 o - 3 potions of flight
 p - a potion of magic {unknown}
 q - 2 potions of agility
 t - a potion of haste
Comestibles
 c - 12 rations


   Skills:
 + Level 3.3 Fighting
 + Level 3.3 Short Blades
 + Level 3.3 Long Blades
 + Level 3.3 Axes
 + Level 3.3 Maces & Flails
 + Level 3.3 Polearms
 + Level 3.3 Staves
 + Level 3.3 Slings
 + Level 3.3 Bows
 + Level 3.3 Crossbows
 + Level 3.3 Throwing
 + Level 3.3 Armour
 + Level 5.7 Dodging
 + Level 5.4 Stealth
 + Level 3.3 Shields
 + Level 3.3 Unarmed Combat
 + Level 6.0 Spellcasting
 + Level 3.5 Conjurations
 + Level 2.7 Hexes
 + Level 2.7 Charms
 + Level 2.7 Summonings
 + Level 2.7 Necromancy
 + Level 2.7 Translocations
 + Level 2.7 Transmutations
 + Level 6.1 Fire Magic
 + Level 2.7 Ice Magic
 + Level 2.7 Air Magic
 + Level 2.7 Earth Magic
 + Level 2.7 Poison Magic
 + Level 3.6 Invocations
 + Level 3.3 Evocations


You had 13 spell levels left.
You knew the following spells:

 Your Spells              Type           Power        Failure   Level  Hunger
a - Flame Tongue          Conj/Fire      ####.        1%          1    None
b - Throw Flame           Conj/Fire      ####..       2%          2    None
c - Conjure Flame         Conj/Fire      ####....     4%          3    ##.....

Your spell library contained the following spells:

 Spells                   Type           Power        Failure   Level  Hunger
 Inner Flame              Hex/Fire       ###.....     4%          3    ##.....
 Sticky Flame             Conj/Fire      ####....     14%         4    ####...
 Fireball                 Conj/Fire      ####......   36%         5    #####..


Dungeon Overview and Level Annotations

Branches:
Dungeon (5/15)
 Temple: D:4-7

Altars:
Dithmenos
Elyvilon
Sif Muna
Wu Jian

Shops:
D:4 [


Innate Abilities, Weirdness & Mutations

Your experience applies equally to all skills.
You have very sharp teeth.
Your uncanny sense of smell can sniff out nearby items.


Message History

You start resting.
The centaur is too close now for your liking.
Casting: Flame Tongue (safe; 1% risk of failure)
Confirm with . or Enter, or press ? or * to list all spells.
Aiming: Flame Tongue (safe; 1% risk of failure)
Press: ? - help, Shift-Dir - straight line, f/p - centaur
Aim: a centaur, wielding a +0 shortbow and carrying a wand of acid (8)
The flame tongue hits the centaur.
The centaur is almost dead.
The centaur shoots an arrow.
The arrow hits you!
Casting: Flame Tongue (safe; 1% risk of failure)
Confirm with . or Enter, or press ? or * to list all spells.
Aiming: Flame Tongue (safe; 1% risk of failure)
Press: ? - help, Shift-Dir - straight line, f/p - centaur
Aim: a centaur, wielding a +0 shortbow and carrying a wand of acid (8) (almost The flame tongue hits the centaur.
The centaur appears unharmed.
The centaur is almost dead.
The centaur shoots an arrow.
The arrow hits you.
The centaur zaps a wand.
The bolt of acid hits you!
You die...

##...................##....###..#
#.............### .....#...###.#
##..............# #....##.......
#...............####.....##......
.............(.....##............
.........c..#..##.....####.......
......##.#..#..##.#....##........
.......#.......#..##.............
.......... #...#@.##.....##.##.#.
..........##.c.....#........#####
...............##..............##
.#.#.... ##.....................[
##≈### ##..................... #
#....#................ #
#..................... #
####...................
#......................


You could see a centaur.

Vanquished Creatures
  Grinder (D:3)
  A sky beast (D:5)
  An ogre (D:4)
  2 centaurs (D:5)
  4 scorpions
  2 howler monkeys (D:5)
  A bullfrog zombie (D:5)
  2 orc wizards (D:3)
  3 iguanas
  7 worker ants
  A worker ant zombie (D:4)
  6 adders
  A worm (D:3)
  5 dart slugs
  2 leopard geckos
  10 orcs
  3 ball pythons
  6 giant cockroaches
  6 goblins
  A hobgoblin (D:1)
  8 jackals
  6 kobolds
  4 quokkas
  14 bats
  3 frilled lizards
  A quokka zombie (D:3)
  7 rats
108 creatures vanquished.

Notes
Turn   | Place    | Note
-------+----------+-------------------------------------------
     0 | D:1      | PikkenKukken the Gnoll Fire Elementalist began the quest
                  | for the Orb.
     0 | D:1      | Reached XP level 1. HP: 13/13 MP: 6/6
     3 | D:1      | Noticed a black mamba
   128 | D:1      | Reached XP level 2. HP: 19/19 MP: 4/7
   134 | D:1      | Learned a level 2 spell: Throw Flame
   465 | D:1      | Reached XP level 3. HP: 25/25 MP: 3/9
   470 | D:1      | Learned a level 3 spell: Conjure Flame
   583 | D:1      | Reached skill level 5 in Spellcasting
  1018 | D:1      | Noticed a death yak
  1034 | D:2      | Reached skill level 1 in Invocations
  1075 | D:2      | Reached skill level 1 in Fighting
  1075 | D:2      | Reached skill level 1 in Short Blades
  1075 | D:2      | Reached skill level 1 in Long Blades
  1075 | D:2      | Reached skill level 1 in Axes
  1075 | D:2      | Reached skill level 1 in Maces & Flails
  1075 | D:2      | Reached skill level 1 in Polearms
  1075 | D:2      | Reached skill level 1 in Staves
  1075 | D:2      | Reached skill level 1 in Slings
  1075 | D:2      | Reached skill level 1 in Bows
  1075 | D:2      | Reached skill level 1 in Crossbows
  1075 | D:2      | Reached skill level 1 in Throwing
  1075 | D:2      | Reached skill level 1 in Armour
  1075 | D:2      | Reached skill level 1 in Shields
  1075 | D:2      | Reached skill level 1 in Unarmed Combat
  1075 | D:2      | Reached skill level 1 in Evocations
  1132 | D:2      | Found an ornate altar of the Wu Jian Council.
  1143 | D:2      | Found a shadowy altar of Dithmenos.
  1148 | D:2      | Found a white marble altar of Elyvilon.
  1217 | D:2      | Reached XP level 4. HP: 32/32 MP: 8/11
  1295 | D:2      | Reached skill level 1 in Hexes
  1295 | D:2      | Reached skill level 1 in Charms
  1295 | D:2      | Reached skill level 1 in Summonings
  1295 | D:2      | Reached skill level 1 in Necromancy
  1295 | D:2      | Reached skill level 1 in Translocations
  1295 | D:2      | Reached skill level 1 in Transmutations
  1295 | D:2      | Reached skill level 1 in Ice Magic
  1295 | D:2      | Reached skill level 1 in Air Magic
  1295 | D:2      | Reached skill level 1 in Earth Magic
  1295 | D:2      | Reached skill level 1 in Poison Magic
  1596 | D:2      | Found a deep blue altar of Sif Muna.
  2114 | D:3      | Reached XP level 5. HP: 37/37 MP: 8/12
  2715 | D:3      | Noticed Grinder
  2885 | D:3      | Paralysed by Grinder for 4 turns
  2896 | D:3      | Killed Grinder
  2896 | D:3      | Reached skill level 5 in Dodging
  2896 | D:3      | Reached XP level 6. HP: 31/44 MP: 1/14
  3529 | D:4      | Found Jitzib's Antique Armour Emporium.
  3537 | D:4      | Reached XP level 7. HP: 50/50 MP: 6/15
  3732 | D:4      | Got an ichor-stained dagger
  3735 | D:4      | Identified the cursed +2 dagger "Luliplitt" {elec, *Noise
                  | rPois rC+ rN+++} (You found it on level 4 of the Dungeon)
  4628 | D:5      | Entered Level 5 of the Dungeon
  4636 | D:5      | Reached skill level 5 in Stealth
  4826 | D:5      | Reached XP level 8. HP: 57/57 MP: 6/16
  5530 | D:5      | Killed from afar by a centaur

Vault maps used:
D:1:      sevenhm_arrival_forest_fort_small_2, minmay_tetromino_s4
D:2:      lemuel_blue_sif_altar, minmay_overflow_temple_star_quad
D:3:      first_ration, uniq_grinder
D:4:      serial_shops, shop
D:5:      nicolae_ru_great_annihilating_truth, gup_sewer_entry_bubbles

Skill      XL: |  1  2  3  4  5  6  7  8 |
---------------+-------------------------+-----
Conjurations   | 2 3 |  3.5
Spellcasting   | 5 6 |  6.0
Invocations    | 1 2 3 |  3.6
Fighting       | 1 2 3 |  3.3
Short Blades   | 1 2 3 |  3.3
Long Blades    | 1 2 3 |  3.3
Axes           | 1 2 3 |  3.3
Maces & Flails | 1 2 3 |  3.3
Polearms       | 1 2 3 |  3.3
Staves         | 1 2 3 |  3.3
Slings         | 1 2 3 |  3.3
Bows           | 1 2 3 |  3.3
Crossbows      | 1 2 3 |  3.3
Throwing       | 1 2 3 |  3.3
Armour         | 1 2 3 |  3.3
Shields        | 1 2 3 |  3.3
Unarmed Combat | 1 2 3 |  3.3
Evocations     | 1 2 3 |  3.3
Hexes          | 1 2 |  2.7
Charms         | 1 2 |  2.7
Summonings     | 1 2 |  2.7
Necromancy     | 1 2 |  2.7
Translocations | 1 2 |  2.7
Transmutations | 1 2 |  2.7
Ice Magic      | 1 2 |  2.7
Air Magic      | 1 2 |  2.7
Earth Magic    | 1 2 |  2.7
Poison Magic   | 1 2 |  2.7
Dodging        | 5 |  5.7
Stealth        | 5 |  5.4
Fire Magic     | 6 |  6.1

Action                   |  1- 3 |  4- 6 |  7- 9 || total
-------------------------+-------+-------+-------++-------
Melee: Spear             |       |    16 |       ||    16
       Dagger            |       |       |    17 ||    17
       Bite              |       |       |     1 ||     1
 Cast: Flame Tongue      |    38 |    44 |    76 ||   158
       Throw Flame       |    16 |    37 |    57 ||   110
       Conjure Flame     |     1 |     6 |     5 ||    12
  Use: Scroll            |     4 |     4 |     6 ||    14
 Stab: Sleeping          |       |       |     1 ||     1
  Eat: Chunk             |     1 |     7 |     6 ||    14
Armor: Robe              |     2 |     2 |     1 ||     5
Dodge: Dodged            |    12 |    16 |    20 ||    48

Table legend:
 A = Non-vault XP
 B = Vault XP
 C = Vault XP percentage of total XP
 D = Non-vault monster count
 E = Vault monster count
 F = Vault count percentage of total count
                 A         B        C        D         E       F
            +---------+---------+-------+---------+---------+-------
      Total |    1580 |     270 |  14.6 |     106 |       2 |   1.9
            +---------+---------+-------+---------+---------+-------
        D:1 |      50 |       3 |   5.7 |      25 |       1 |   3.8
        D:2 |     105 |       0 |   0.0 |      11 |       0 |   0.0
        D:3 |     182 |     267 |  59.5 |      36 |       1 |   2.7
        D:4 |     508 |       0 |   0.0 |      17 |       0 |   0.0
        D:5 |     735 |       0 |   0.0 |      17 |       0 |   0.0
            +---------+---------+-------+---------+---------+-------
